Saguenéens vs Sasquatch
Created - January 8, 2020 at 19:00
Goals
|
Saguenéens |
0 |
2 |
0 |
2 |
Sasquatch |
3 |
0 |
1 |
4 |
|
Shots
|
Saguenéens |
5 |
10 |
5 |
20 |
Sasquatch |
11 |
13 |
5 |
29 |
|
1st period
1. Sasquatch , Devin Shore 13 (Jujhar Khaira 14) at 2:05
2. Sasquatch , Quinton Howden 10 (Ian Cole 14, Jujhar Khaira 15) at 14:03
3. Sasquatch , Matt Halischuk 15 (Patrick Wey 20, Ian Cole 15) at 16:31
Penalties :
Jujhar Khaira (Gat) for Diving (Minor) at 10:04, Alexander Wennberg (Chi) for Hooking (Minor) at 16:38
2nd period
4. Saguenéens , Mason Raymond 19 (Alexander Wennberg 15, Garnet Hathaway 20) at 3:42
5. Saguenéens , Mason Raymond 20 (Alexander Wennberg 16) at 5:15
Penalties :
Seth Helgeson (Chi) for Tripping (Minor) at 10:38, Dylan Sikura (Gat) for Roughing (Minor) at 13:02, Duncan Siemens (Chi) for Roughing (Minor) at 17:40
3rd period
6. Sasquatch , Ryan Dzingel 15 (Matt Halischuk 28, Devin Shore 31) at 16:54 (PP)
Penalties :
Devin Shore (Gat) for High sticking (Minor) at 2:01, Nick Mattson (Chi) for Roughing (Minor) at 6:07, Nick Mattson (Chi) for Tripping (Minor) at 12:56, Craig Cunningham (Chi) for Hooking (Minor) at 16:28, Carl Hagelin (Chi) for Hooking (Minor) at 18:19
Goalie Stats
Joe Cannata (Chi), 25 saves from 29 shots - (0.862), L, 15-9-1, 60:00 minutes
Joonas Korpisalo (Gat), 18 saves from 20 shots - (0.900), W, 14-9-2, 60:00 minutes
Players Stats for Saguenéens
Player Name G A P +/- PIM S H SB GA TA FO MP PP MP PK MP
------------------------------------------------------------------------------------
Adam Erne 0 0 0 0 0 1 1 0 0 0 0/0 6:29 0:00 0:00
Aleksander Barkov 0 0 0 -1 0 0 1 0 0 0 4/8 13:59 2:48 0:00
Alexander Wennberg 0 2 2 1 2 2 0 0 0 0 14/25 15:56 3:09 0:14
Carl Hagelin 0 0 0 -1 2 2 2 0 0 0 0/0 13:58 2:48 0:00
Craig Cunningham 0 0 0 -1 2 2 3 1 0 0 0/1 15:19 0:00 4:05
Duncan Siemens 0 0 0 -1 2 1 0 0 1 0 0/0 15:57 0:00 4:42
Garnet Hathaway 0 1 1 1 0 4 5 1 0 1 2/2 15:42 3:09 0:00
Henrik Samuelsson 0 0 0 0 0 0 0 0 2 0 10/17 14:20 0:00 7:24
Kevin Marshall 0 0 0 0 0 0 2 2 0 0 0/0 28:38 3:42 6:15
Mark Stone 0 0 0 -1 0 1 1 0 0 0 0/0 13:59 2:48 0:00
Mason Raymond 2 0 2 1 0 3 0 1 1 1 0/3 23:39 3:09 7:23
Mike Amadio 0 0 0 -1 0 3 0 0 0 0 2/4 14:09 0:00 3:13
Nick Mattson 0 0 0 0 4 0 2 0 0 0 0/0 19:19 2:15 3:41
Patrick Sieloff 0 0 0 -1 0 1 1 0 0 0 0/0 15:21 2:15 2:42
Rhett Rakhshani 0 0 0 -1 0 0 1 0 0 0 0/0 12:51 0:00 1:38
Robert Hagg 0 0 0 0 0 0 2 0 0 2 0/0 19:13 0:00 6:21
Seth Helgeson 0 0 0 0 2 0 1 0 0 1 0/0 22:29 3:42 0:21
Teemu Pulkkinen 0 0 0 0 0 0 0 0 0 0 0/0 6:34 0:00 0:05
Players Stats for Sasquatch
Player Name G A P +/- PIM S H SB GA TA FO MP PP MP PK MP
------------------------------------------------------------------------------------
Brett Kulak 0 0 0 1 0 1 0 0 0 0 0/0 14:50 0:42 2:29
Brett Pesce 0 0 0 -1 0 1 1 2 0 1 0/0 15:14 4:31 0:00
Brock Trotter 0 0 0 0 0 0 0 0 1 0 0/0 10:12 0:00 1:27
Devin Shore 1 1 2 1 2 7 1 0 0 1 15/31 19:52 7:15 0:38
Dmitri Orlov 0 0 0 0 0 2 1 1 0 0 0/0 16:10 4:31 0:00
Dylan Sikura 0 0 0 -1 2 0 0 0 0 0 0/1 9:53 0:00 0:00
Ian Cole 0 2 2 2 0 0 1 1 0 0 0/0 27:16 7:30 2:29
Jerry D'Amigo 0 0 0 0 0 0 0 0 0 0 0/0 8:45 0:07 0:00
Jujhar Khaira 0 2 2 2 2 2 2 2 1 0 2/3 20:35 4:39 2:12
Martin Marincin 0 0 0 -1 0 0 2 0 0 0 0/0 16:34 0:00 3:28
Matt Halischuk 1 1 2 1 0 3 0 0 1 1 1/2 19:02 7:15 0:00
Patrick Wey 0 1 1 1 0 3 3 3 1 0 0/0 29:56 6:48 3:28
Petr Straka 0 0 0 0 0 0 3 1 0 0 0/0 15:54 4:39 1:23
Quinton Howden 1 0 1 0 0 4 3 0 0 0 2/6 13:21 0:07 1:20
Ryan Dzingel 1 0 1 0 0 3 0 0 0 1 0/2 16:56 7:15 0:25
Sergey Kalinin 0 0 0 0 0 0 0 1 0 0 6/10 13:01 0:09 3:09
T.J. Tynan 0 0 0 0 0 0 3 0 0 0 2/5 13:15 4:37 0:00
Teemu Hartikainen 0 0 0 0 0 3 1 0 1 0 0/0 13:14 0:00 1:20
3 Stars
1 - Mason Raymond (Chi)
2 - Matt Halischuk (Gat)
3 - Ian Cole (Gat)
Power Play
Saguenéens - 0 on 3 Attempt(s) - 0.00%
Sasquatch - 1 on 7 Attempt(s) - 14.29%
Penalty Kill
Saguenéens - 6 on 7 Attempt(s) - 85.71%
- Score 0 goal in Penalty Kill
Sasquatch - 3 on 3 Attempt(s) - 100.00%
- Score 0 goal in Penalty Kill
Team Stat
Saguenéens - Hits : 22 - Faceoff Wins : 32 - Blocked Shots : 5 - Penalty Minutes : 14
Sasquatch - Hits : 21 - Faceoff Wins : 28 - Blocked Shots : 11 - Penalty Minutes : 6
Official
Referees : Unknown
Linesman : Unknown
Game Notes
No Game Note
Finance
Level 1 -- Attendance: 1593 (79.65%) -- Ticket Income $63,720
Level 2 -- Attendance: 691 (69.10%) -- Ticket Income $13,820
Total Attendance: 2284 (76.13%)
Total Ticket Income: $77,540
Other Income: $3,877
Total Income: $81,417
Saguenéens
5 vs 5 Forward
Center Left Wing Right Wing Time % Phy DF OF
1 Alexander Wennberg Mason Raymond Garnet Hathaway 40 1 2 2
2 Aleksander Barkov Carl Hagelin Mark Stone 30 1 2 2
3 Mike Amadio Craig Cunningham Rhett Rakhshani 20 1 2 2
4 Henrik Samuelsson Teemu Pulkkinen Adam Erne 10 1 2 2
5 vs 5 Defense
Defense Defense Time % Phy DF OF
1 Kevin Marshall Seth Helgeson 40 1 2 2
2 Robert Hagg Nick Mattson 30 1 2 2
3 Patrick Sieloff Duncan Siemens 20 1 2 2
4 Kevin Marshall Seth Helgeson 10 1 2 2
PowerPlay Forward
Center Left Wing Right Wing Time % Phy DF OF
1 Alexander Wennberg Mason Raymond Garnet Hathaway 60 1 2 2
2 Aleksander Barkov Carl Hagelin Mark Stone 40 1 2 2
PowerPlay Defense
Defense Defense Time % Phy DF OF
1 Kevin Marshall Seth Helgeson 60 1 2 2
2 Patrick Sieloff Nick Mattson 40 1 2 2
Penalty Kill 4 Players Forward
Center Wing Time % Phy DF OF
1 Henrik Samuelsson Mason Raymond 60 1 2 2
2 Mike Amadio Craig Cunningham 40 1 2 2
Penalty Kill 4 Players Defense
Defense Defense Time % Phy DF OF
1 Kevin Marshall Robert Hagg 60 1 2 2
2 Duncan Siemens Nick Mattson 40 1 2 2
Penalty Kill - 3 Players Forward
Forward Time % Phy DF OF
1 Henrik Samuelsson 60 1 2 2
2 Mike Amadio 40 1 2 2
Penalty Kill - 3 Players Defense
Defense Defense Time % Phy DF OF
1 Kevin Marshall Robert Hagg 60 1 2 2
2 Duncan Siemens Nick Mattson 40 1 2 2
4 vs 4 Forward
Center Wing Time % Phy DF OF
1 Alexander Wennberg Mason Raymond 60 1 2 2
2 Aleksander Barkov Garnet Hathaway 40 1 2 2
4 vs 4 Defense
Defense Defense Time % Phy DF OF
1 Kevin Marshall Seth Helgeson 60 1 2 2
2 Patrick Sieloff Nick Mattson 40 1 2 2
Last Minutes Offensive
Center Left Wing Right Wing Defense Defense
Alexander Wennberg Mason Raymond Garnet Hathaway Kevin Marshall Seth Helgeson
Last Minutes Defensive
Center Left Wing Right Wing Defense Defense
Aleksander Barkov Mason Raymond Garnet Hathaway Kevin Marshall Robert Hagg
Goaltenders
Starting : Joe Cannata
Backup : Tyler Beskorowany
Extra Forwards
Normal : Craig Cunningham, Teemu Pulkkinen, Rhett Rakhshani - PP : Craig Cunningham, Teemu Pulkkinen - PK : Rhett Rakhshani
Extra Defensemen
Normal : Patrick Sieloff, Duncan Siemens, Seth Helgeson - PP : Patrick Sieloff - PK : Duncan Siemens, Kevin Marshall
Penalty Shots
Garnet Hathaway, Mason Raymond, Mark Stone, Alexander Wennberg, Aleksander Barkov
Scratches
Mikhail Grigorenko (Healthy), Tanner Richard (Healthy), Juraj Mikus (Healthy), Myles Bell (Healthy), Dylan Labbe (Healthy)
Nick Paul (Healthy), Mattias Janmark (Healthy), Calle Andersson (Healthy), Julius Honka (Healthy), Clark Bishop (Healthy)
Nikita Scherbak (Healthy), JJ. Piccinich (Healthy), Michael Giugovaz (Healthy)
Sasquatch
5 vs 5 Forward
Center Left Wing Right Wing Time % Phy DF OF
1 Devin Shore Jujhar Khaira Matt Halischuk 40 1 2 2
2 Sergey Kalinin Ryan Dzingel Petr Straka 30 1 2 2
3 Quinton Howden Teemu Hartikainen Dylan Sikura 20 1 2 2
4 T.J. Tynan Brock Trotter Jerry D'Amigo 10 1 2 2
5 vs 5 Defense
Defense Defense Time % Phy DF OF
1 Ian Cole Patrick Wey 40 1 2 2
2 Brett Pesce Martin Marincin 30 1 2 2
3 Dmitri Orlov Brett Kulak 20 1 2 2
4 Martin Marincin Patrick Wey 10 1 2 2
PowerPlay Forward
Center Left Wing Right Wing Time % Phy DF OF
1 Devin Shore Ryan Dzingel Matt Halischuk 60 1 2 2
2 T.J. Tynan Jujhar Khaira Petr Straka 40 1 2 2
PowerPlay Defense
Defense Defense Time % Phy DF OF
1 Ian Cole Patrick Wey 60 1 2 2
2 Dmitri Orlov Brett Pesce 40 1 2 2
Penalty Kill 4 Players Forward
Center Wing Time % Phy DF OF
1 Sergey Kalinin Jujhar Khaira 60 1 2 2
2 Quinton Howden Teemu Hartikainen 40 1 2 2
Penalty Kill 4 Players Defense
Defense Defense Time % Phy DF OF
1 Patrick Wey Martin Marincin 60 1 2 2
2 Brett Kulak Ian Cole 40 1 2 2
Penalty Kill - 3 Players Forward
Forward Time % Phy DF OF
1 Sergey Kalinin 60 1 2 2
2 Quinton Howden 40 1 2 2
Penalty Kill - 3 Players Defense
Defense Defense Time % Phy DF OF
1 Ian Cole Martin Marincin 60 1 2 2
2 Patrick Wey Brett Kulak 40 1 2 2
4 vs 4 Forward
Center Wing Time % Phy DF OF
1 Quinton Howden Matt Halischuk 60 1 2 2
2 Sergey Kalinin Jujhar Khaira 40 1 2 2
4 vs 4 Defense
Defense Defense Time % Phy DF OF
1 Ian Cole Martin Marincin 60 1 2 2
2 Patrick Wey Brett Pesce 40 1 2 2
Last Minutes Offensive
Center Left Wing Right Wing Defense Defense
Devin Shore Jujhar Khaira Matt Halischuk Ian Cole Dmitri Orlov
Last Minutes Defensive
Center Left Wing Right Wing Defense Defense
Sergey Kalinin Teemu Hartikainen Matt Halischuk Martin Marincin Patrick Wey
Goaltenders
Starting : Joonas Korpisalo
Backup : Corey Crawford
Extra Forwards
Normal : Sergey Kalinin, Devin Shore, Petr Straka - PP : Sergey Kalinin, Quinton Howden - PK : Petr Straka
Extra Defensemen
Normal : Dmitri Orlov, Brett Pesce, Brett Kulak - PP : Brett Pesce - PK : Brett Pesce, Dmitri Orlov
Penalty Shots
Devin Shore, Matt Halischuk, Petr Straka, Brock Trotter, Ryan Dzingel
Scratches
Nikita Nesterov (Healthy), Hudson Fasching (Healthy), Kevin Fiala (Healthy), Alex Lintuniemi (Healthy), Cal Petersen (Healthy)
% Time on Ice - Saguenéens
Lines # - Real PCT - Wanted PCT - Time Play
Normal Forward
1 - 32% - 40% - 13:26
2 - 27% - 30% - 11:20
3 - 26% - 20% - 10:47
4 - 15% - 10% - 6:29
Normal Defense
1 - 41% - 40% - 17:15
2 - 31% - 30% - 13:04
3 - 21% - 20% - 8:59
4 - 7% - 10% - 2:44
PP Forward
1 - 53% - 60% - 3:09
2 - 47% - 40% - 2:48
PP Defense
1 - 62% - 60% - 3:42
2 - 38% - 40% - 2:15
PK Forward
1 - 73% - 60% - 8:48
2 - 27% - 40% - 3:13
PK Defense
1 - 53% - 60% - 6:21
2 - 47% - 40% - 5:40
PK3 Forward
1 - 0% - 60%
2 - 0% - 40%
PK3 Defense
1 - 0% - 60%
2 - 0% - 40%
44 Forward
1 - 0% - 60%
2 - 0% - 40%
44 Defense
1 - 0% - 60%
2 - 0% - 40%
Last Minute Offensive - 0:00
Last Minute Defensive - 0:00
Total
Forward - 60:00
Defense - 60:00
|
% Time on Ice - Sasquatch
Lines # - Real PCT - Wanted PCT - Time Play
Normal Forward
1 - 28% - 40% - 11:57
2 - 28% - 30% - 11:51
3 - 24% - 20% - 9:54
4 - 20% - 10% - 8:20
Normal Defense
1 - 37% - 40% - 15:40
2 - 31% - 30% - 13:13
3 - 24% - 20% - 10:12
4 - 7% - 10% - 2:57
PP Forward
1 - 61% - 60% - 7:22
2 - 39% - 40% - 4:39
PP Defense
1 - 62% - 60% - 7:30
2 - 38% - 40% - 4:31
PK Forward
1 - 78% - 60% - 4:37
2 - 22% - 40% - 1:20
PK Defense
1 - 58% - 60% - 3:28
2 - 42% - 40% - 2:29
PK3 Forward
1 - 0% - 60%
2 - 0% - 40%
PK3 Defense
1 - 0% - 60%
2 - 0% - 40%
44 Forward
1 - 0% - 60%
2 - 0% - 40%
44 Defense
1 - 0% - 60%
2 - 0% - 40%
Last Minute Offensive - 0:00
Last Minute Defensive - 0:00
Total
Forward - 60:00
Defense - 60:00
|
Play-by-Play
1st period
0:01 of 1st period - Alexander Wennberg wins face-off versus Devin Shore in neutral zone.
0:04 of 1st period - Slapshot by Mason Raymond.
0:04 of 1st period - Shot Blocked by Patrick Wey.
0:48 of 1st period - Icing by Patrick Wey.
0:49 of 1st period - T.J. Tynan wins face-off versus Mike Amadio in Sasquatch zone.
1:29 of 1st period - Robert Hagg is hit by T.J. Tynan and loses puck.
1:38 of 1st period - Nick Mattson is hit by Patrick Wey and loses puck.
1:59 of 1st period - Off-side.
2:00 of 1st period - Devin Shore wins face-off versus Alexander Wennberg in neutral zone.
2:05 of 1st period - Wrist shot by Devin Shore.
2:05 of 1st period - Goal by Devin Shore - Saguenéens : 0 - Sasquatch : 1.
2:06 of 1st period - Jujhar Khaira wins face-off versus Alexander Wennberg in neutral zone.
2:17 of 1st period - Snap shot by Devin Shore.
2:17 of 1st period - Stopped by Joe Cannata with a rebound.
3:19 of 1st period - Snap shot by Alexander Wennberg.
3:19 of 1st period - Shot Misses the Net.
3:45 of 1st period - Wrist shot by Brock Trotter.
3:45 of 1st period - Shot Blocked by Craig Cunningham.
4:13 of 1st period - Duncan Siemens is hit by Martin Marincin and loses puck.
4:19 of 1st period - Icing by Patrick Sieloff.
4:20 of 1st period - Aleksander Barkov wins face-off versus Devin Shore in Saguenéens zone.
5:08 of 1st period - Seth Helgeson is hit by Teemu Hartikainen and loses puck.
5:53 of 1st period - Snap shot by Sergey Kalinin.
5:53 of 1st period - Shot Blocked by Garnet Hathaway.
7:01 of 1st period - Robert Hagg is hit by Petr Straka and loses puck.
7:08 of 1st period - Snap shot by Ryan Dzingel.
7:08 of 1st period - Stopped by Joe Cannata with a rebound.
7:36 of 1st period - Martin Marincin is hit by Aleksander Barkov and loses puck.
7:43 of 1st period - Mark Stone is hit by Martin Marincin and loses puck.
8:02 of 1st period - Snap shot by Petr Straka.
8:02 of 1st period - Shot Misses the Net.
8:04 of 1st period - Wrist shot by Ian Cole.
8:04 of 1st period - Shot Misses the Net.
8:06 of 1st period - Wrist shot by Dmitri Orlov.
8:06 of 1st period - Stopped by Joe Cannata with a rebound.
9:24 of 1st period - Ian Cole is hit by Garnet Hathaway and loses puck.
9:39 of 1st period - Backhand shot by Teemu Hartikainen.
9:39 of 1st period - Deflect By Patrick Sieloff.
9:39 of 1st period - Stopped by Joe Cannata without a rebound.
9:40 of 1st period - Aleksander Barkov wins face-off versus Quinton Howden in Saguenéens zone.
9:44 of 1st period - Off-side.
9:45 of 1st period - Aleksander Barkov wins face-off versus Devin Shore in neutral zone.
9:53 of 1st period - Off-side.
9:54 of 1st period - Alexander Wennberg wins face-off versus Devin Shore in neutral zone.
9:57 of 1st period - Snap shot by Mason Raymond.
9:57 of 1st period - Stopped by Joonas Korpisalo without a rebound.
9:58 of 1st period - Alexander Wennberg wins face-off versus Devin Shore in Sasquatch zone.
10:01 of 1st period - Slapshot by Garnet Hathaway.
10:01 of 1st period - Deflect By Alexander Wennberg.
10:01 of 1st period - Shot Misses the Net.
10:01 of 1st period - Puck is out of play.
10:02 of 1st period - Devin Shore wins face-off versus Alexander Wennberg in Sasquatch zone.
10:04 of 1st period - Minor Penalty to Jujhar Khaira for Diving.
10:05 of 1st period - Sergey Kalinin wins face-off versus Alexander Wennberg in Sasquatch zone.
11:57 of 1st period - Brett Kulak is hit by Garnet Hathaway and loses puck.
12:04 of 1st period - Penalty to Jujhar Khaira is over, Jujhar Khaira is back on ice.
12:13 of 1st period - Seth Helgeson is hit by Jujhar Khaira and loses puck.
12:46 of 1st period - Wrist shot by Rhett Rakhshani.
12:46 of 1st period - Shot Blocked by Jujhar Khaira.
13:09 of 1st period - Slapshot by Quinton Howden.
13:09 of 1st period - Stopped by Joe Cannata with a rebound.
13:11 of 1st period - Slapshot by Brett Kulak.
13:11 of 1st period - Stopped by Joe Cannata with a rebound.
13:13 of 1st period - Backhand shot by Ian Cole.
13:13 of 1st period - Shot Blocked by Kevin Marshall.
14:03 of 1st period - Wrist shot by Quinton Howden.
14:03 of 1st period - Goal by Quinton Howden - Saguenéens : 0 - Sasquatch : 2.
14:04 of 1st period - Alexander Wennberg wins face-off versus Sergey Kalinin in neutral zone.
14:09 of 1st period - Wrist shot by Garnet Hathaway.
14:09 of 1st period - Stopped by Joonas Korpisalo without a rebound.
14:10 of 1st period - Alexander Wennberg wins face-off versus Ryan Dzingel in Sasquatch zone.
14:44 of 1st period - Snap shot by Carl Hagelin.
14:44 of 1st period - Stopped by Joonas Korpisalo without a rebound.
14:45 of 1st period - Alexander Wennberg wins face-off versus Sergey Kalinin in Sasquatch zone.
14:54 of 1st period - Wrist shot by Mason Raymond.
14:54 of 1st period - Shot Misses the Net.
14:56 of 1st period - Slapshot by Patrick Sieloff.
14:56 of 1st period - Stopped by Joonas Korpisalo with a rebound.
14:58 of 1st period - Slapshot by Duncan Siemens.
14:58 of 1st period - Shot Blocked by Petr Straka.
15:00 of 1st period - Wrist shot by Patrick Sieloff.
15:00 of 1st period - Shot Misses the Net.
15:48 of 1st period - Slapshot by Teemu Pulkkinen.
15:48 of 1st period - Shot Misses the Net.
15:50 of 1st period - Slapshot by Duncan Siemens.
15:50 of 1st period - Shot Blocked by Patrick Wey.
15:52 of 1st period - Backhand shot by Garnet Hathaway.
15:52 of 1st period - Stopped by Joonas Korpisalo with a rebound.
15:54 of 1st period - Snap shot by Alexander Wennberg.
15:54 of 1st period - Deflect By Patrick Wey.
15:54 of 1st period - Shot Misses the Net.
15:54 of 1st period - Puck is out of play.
15:55 of 1st period - Sergey Kalinin wins face-off versus Alexander Wennberg in Sasquatch zone.
15:57 of 1st period - Icing by Ryan Dzingel.
15:58 of 1st period - Garnet Hathaway wins face-off versus Sergey Kalinin in Sasquatch zone.
16:27 of 1st period - Slapshot by Ian Cole.
16:27 of 1st period - Shot Misses the Net.
16:29 of 1st period - Slapshot by Ian Cole.
16:29 of 1st period - Shot Misses the Net.
16:31 of 1st period - Slapshot by Patrick Wey.
16:31 of 1st period - Deflect By Matt Halischuk.
16:31 of 1st period - Goal by Matt Halischuk - Saguenéens : 0 - Sasquatch : 3.
16:32 of 1st period - Devin Shore wins face-off versus Alexander Wennberg in neutral zone.
16:38 of 1st period - Minor Penalty to Alexander Wennberg for Hooking.
16:39 of 1st period - Henrik Samuelsson wins face-off versus Devin Shore in Saguenéens zone.
16:51 of 1st period - Slapshot by Devin Shore.
16:51 of 1st period - Shot Misses the Net.
16:53 of 1st period - Wrist shot by Ryan Dzingel.
16:53 of 1st period - Shot Misses the Net.
16:55 of 1st period - Snap shot by Devin Shore.
16:55 of 1st period - Stopped by Joe Cannata without a rebound.
16:56 of 1st period - Devin Shore wins face-off versus Henrik Samuelsson in Saguenéens zone.
17:01 of 1st period - Slapshot by Devin Shore.
17:01 of 1st period - Deflect By Matt Halischuk.
17:01 of 1st period - Shot Misses the Net.
17:01 of 1st period - Puck is out of play.
17:02 of 1st period - Henrik Samuelsson wins face-off versus Devin Shore in Saguenéens zone.
17:10 of 1st period - Off-side.
17:11 of 1st period - Henrik Samuelsson wins face-off versus Devin Shore in neutral zone.
17:40 of 1st period - Slapshot by Patrick Wey.
17:40 of 1st period - Deflect By Jujhar Khaira.
17:40 of 1st period - Shot Misses the Net.
17:40 of 1st period - Puck is out of play.
17:41 of 1st period - Henrik Samuelsson wins face-off versus Devin Shore in Saguenéens zone.
18:21 of 1st period - Slapshot by Jujhar Khaira.
18:21 of 1st period - Stopped by Joe Cannata with a rebound.
18:38 of 1st period - Penalty to Alexander Wennberg is over, Alexander Wennberg is back on ice.
18:51 of 1st period - Quinton Howden is hit by Seth Helgeson and loses puck.
19:26 of 1st period - Sergey Kalinin is hit by Adam Erne and loses puck.
19:48 of 1st period - Robert Hagg is hit by Brett Pesce and loses puck.
Goals for this period are 0 for Saguenéens vs 3 for Sasquatch.
Shots for this period are 5 for Saguenéens vs 11 for Sasquatch.
2nd period
0:01 of 2nd period - Alexander Wennberg wins face-off versus Matt Halischuk in neutral zone.
0:26 of 2nd period - Ian Cole is hit by Carl Hagelin and loses puck.
0:47 of 2nd period - Sergey Kalinin is hit by Nick Mattson and loses puck.
1:36 of 2nd period - Slapshot by Devin Shore.
1:36 of 2nd period - Stopped by Joe Cannata without a rebound.
1:37 of 2nd period - Devin Shore wins face-off versus Mason Raymond in Saguenéens zone.
2:22 of 2nd period - Icing by Ryan Dzingel.
2:23 of 2nd period - Henrik Samuelsson wins face-off versus T.J. Tynan in Sasquatch zone.
2:24 of 2nd period - Wrist shot by Teemu Pulkkinen.
2:24 of 2nd period - Shot Misses the Net.
2:26 of 2nd period - Snap shot by Adam Erne.
2:26 of 2nd period - Stopped by Joonas Korpisalo without a rebound.
2:27 of 2nd period - T.J. Tynan wins face-off versus Henrik Samuelsson in Sasquatch zone.
2:29 of 2nd period - Icing by Brock Trotter.
2:30 of 2nd period - Alexander Wennberg wins face-off versus T.J. Tynan in Sasquatch zone.
2:31 of 2nd period - Snap shot by Garnet Hathaway.
2:31 of 2nd period - Stopped by Joonas Korpisalo with a rebound.
2:33 of 2nd period - Snap shot by Garnet Hathaway.
2:33 of 2nd period - Shot Blocked by Dmitri Orlov.
2:40 of 2nd period - Off-side.
2:41 of 2nd period - Alexander Wennberg wins face-off versus Devin Shore in neutral zone.
3:07 of 2nd period - Kevin Marshall is hit by Quinton Howden and loses puck.
3:14 of 2nd period - Snap shot by Teemu Hartikainen.
3:14 of 2nd period - Stopped by Joe Cannata with a rebound.
3:36 of 2nd period - Wrist shot by Henrik Samuelsson.
3:36 of 2nd period - Deflect By Teemu Pulkkinen.
3:36 of 2nd period - Shot Misses the Net.
3:36 of 2nd period - Puck is out of play.
3:37 of 2nd period - Garnet Hathaway wins face-off versus Devin Shore in Sasquatch zone.
3:42 of 2nd period - Backhand shot by Mason Raymond.
3:42 of 2nd period - Goal by Mason Raymond - Saguenéens : 1 - Sasquatch : 3.
3:43 of 2nd period - Devin Shore wins face-off versus Alexander Wennberg in neutral zone.
3:52 of 2nd period - Mason Raymond is hit by Jujhar Khaira and loses puck.
4:01 of 2nd period - Patrick Wey is hit by Garnet Hathaway and loses puck.
4:13 of 2nd period - Icing by Matt Halischuk.
4:14 of 2nd period - Aleksander Barkov wins face-off versus Devin Shore in Sasquatch zone.
5:05 of 2nd period - Snap shot by Quinton Howden.
5:05 of 2nd period - Stopped by Joe Cannata without a rebound.
5:06 of 2nd period - Alexander Wennberg wins face-off versus Quinton Howden in Saguenéens zone.
5:13 of 2nd period - Wrist shot by Alexander Wennberg.
5:13 of 2nd period - Shot Misses the Net.
5:15 of 2nd period - Wrist shot by Mason Raymond.
5:15 of 2nd period - Goal by Mason Raymond - Saguenéens : 2 - Sasquatch : 3.
5:16 of 2nd period - Alexander Wennberg wins face-off versus Dylan Sikura in neutral zone.
5:28 of 2nd period - Snap shot by Quinton Howden.
5:28 of 2nd period - Stopped by Joe Cannata with a rebound.
5:30 of 2nd period - Slapshot by Patrick Wey.
5:30 of 2nd period - Stopped by Joe Cannata without a rebound.
5:31 of 2nd period - Jujhar Khaira wins face-off versus Aleksander Barkov in Saguenéens zone.
5:32 of 2nd period - Slapshot by Devin Shore.
5:32 of 2nd period - Stopped by Joe Cannata with a rebound.
5:34 of 2nd period - Wrist shot by Jujhar Khaira.
5:34 of 2nd period - Stopped by Joe Cannata with a rebound.
5:36 of 2nd period - Backhand shot by Patrick Wey.
5:36 of 2nd period - Shot Misses the Net.
5:40 of 2nd period - Snap shot by Matt Halischuk.
5:40 of 2nd period - Stopped by Joe Cannata without a rebound.
5:41 of 2nd period - Devin Shore wins face-off versus Aleksander Barkov in Saguenéens zone.
6:42 of 2nd period - Wrist shot by Matt Halischuk.
6:42 of 2nd period - Stopped by Joe Cannata without a rebound.
6:43 of 2nd period - Quinton Howden wins face-off versus Alexander Wennberg in Saguenéens zone.
6:56 of 2nd period - Snap shot by Garnet Hathaway.
6:56 of 2nd period - Shot Misses the Net.
7:56 of 2nd period - Slapshot by Teemu Hartikainen.
7:56 of 2nd period - Stopped by Joe Cannata with a rebound.
8:25 of 2nd period - Patrick Sieloff is hit by Ian Cole and loses puck.
9:03 of 2nd period - Wrist shot by Garnet Hathaway.
9:03 of 2nd period - Stopped by Joonas Korpisalo with a rebound.
9:05 of 2nd period - Snap shot by Alexander Wennberg.
9:05 of 2nd period - Stopped by Joonas Korpisalo without a rebound.
9:06 of 2nd period - Alexander Wennberg wins face-off versus Quinton Howden in Sasquatch zone.
9:13 of 2nd period - Wrist shot by Alexander Wennberg.
9:13 of 2nd period - Stopped by Joonas Korpisalo without a rebound.
9:14 of 2nd period - Devin Shore wins face-off versus Mason Raymond in Sasquatch zone.
9:14 of 2nd period - Devin Shore is hit by Garnet Hathaway.
9:22 of 2nd period - Wrist shot by Garnet Hathaway.
9:22 of 2nd period - Shot Blocked by Jujhar Khaira.
10:23 of 2nd period - Teemu Hartikainen is hit by Kevin Marshall and loses puck.
10:38 of 2nd period - Minor Penalty to Seth Helgeson for Tripping.
10:39 of 2nd period - Devin Shore wins face-off versus Henrik Samuelsson in Saguenéens zone.
10:46 of 2nd period - Slapshot by Ryan Dzingel.
10:46 of 2nd period - Stopped by Joe Cannata with a rebound.
10:48 of 2nd period - Snap shot by Ryan Dzingel.
10:48 of 2nd period - Deflect By Matt Halischuk.
10:48 of 2nd period - Shot Misses the Net.
10:48 of 2nd period - Puck is out of play.
10:49 of 2nd period - Henrik Samuelsson wins face-off versus Devin Shore in Saguenéens zone.
11:09 of 2nd period - Wrist shot by Ryan Dzingel.
11:09 of 2nd period - Deflect By Matt Halischuk.
11:09 of 2nd period - Shot Misses the Net.
11:09 of 2nd period - Puck is out of play.
11:10 of 2nd period - Henrik Samuelsson wins face-off versus T.J. Tynan in Saguenéens zone.
11:10 of 2nd period - Henrik Samuelsson is hit by T.J. Tynan.
11:36 of 2nd period - Ian Cole is hit by Craig Cunningham and loses puck.
12:01 of 2nd period - Mason Raymond is hit by Devin Shore and loses puck.
12:38 of 2nd period - Penalty to Seth Helgeson is over, Seth Helgeson is back on ice.
12:50 of 2nd period - Wrist shot by Mark Stone.
12:50 of 2nd period - Stopped by Joonas Korpisalo with a rebound.
12:52 of 2nd period - Slapshot by Duncan Siemens.
12:52 of 2nd period - Stopped by Joonas Korpisalo with a rebound.
13:02 of 2nd period - Minor Penalty to Dylan Sikura for Roughing.
13:03 of 2nd period - Sergey Kalinin wins face-off versus Aleksander Barkov in Sasquatch zone.
13:15 of 2nd period - Backhand shot by Carl Hagelin.
13:15 of 2nd period - Stopped by Joonas Korpisalo without a rebound.
13:16 of 2nd period - Alexander Wennberg wins face-off versus Jujhar Khaira in Sasquatch zone.
15:02 of 2nd period - Penalty to Dylan Sikura is over, Dylan Sikura is back on ice.
15:42 of 2nd period - Adam Erne is hit by Dmitri Orlov and loses puck.
16:33 of 2nd period - Slapshot by Brett Pesce.
16:33 of 2nd period - Deflect By Rhett Rakhshani.
16:33 of 2nd period - Stopped by Joe Cannata without a rebound.
16:34 of 2nd period - Quinton Howden wins face-off versus Mike Amadio in Saguenéens zone.
16:35 of 2nd period - Wrist shot by Teemu Hartikainen.
16:35 of 2nd period - Shot Misses the Net.
16:47 of 2nd period - Dylan Sikura is hit by Rhett Rakhshani and loses puck.
17:00 of 2nd period - Duncan Siemens is hit by Petr Straka and loses puck.
17:23 of 2nd period - Snap shot by Brock Trotter.
17:23 of 2nd period - Shot Misses the Net.
17:25 of 2nd period - Slapshot by Patrick Wey.
17:25 of 2nd period - Stopped by Joe Cannata with a rebound.
17:40 of 2nd period - Minor Penalty to Duncan Siemens for Roughing.
17:41 of 2nd period - Henrik Samuelsson wins face-off versus Devin Shore in Saguenéens zone.
18:13 of 2nd period - Slapshot by Brett Pesce.
18:13 of 2nd period - Shot Misses the Net.
19:40 of 2nd period - Penalty to Duncan Siemens is over, Duncan Siemens is back on ice.
Goals for this period are 2 for Saguenéens vs 0 for Sasquatch.
Shots for this period are 10 for Saguenéens vs 13 for Sasquatch.
3rd period
0:01 of 3rd period - Devin Shore wins face-off versus Alexander Wennberg in neutral zone.
0:33 of 3rd period - Slapshot by Kevin Marshall.
0:33 of 3rd period - Shot Blocked by Brett Pesce.
0:35 of 3rd period - Snap shot by Carl Hagelin.
0:35 of 3rd period - Shot Blocked by Sergey Kalinin.
1:14 of 3rd period - Jujhar Khaira is hit by Garnet Hathaway and loses puck.
1:27 of 3rd period - Adam Erne is hit by Patrick Wey and loses puck.
1:34 of 3rd period - Snap shot by Teemu Pulkkinen.
1:34 of 3rd period - Deflect By Adam Erne.
1:34 of 3rd period - Shot Misses the Net.
1:34 of 3rd period - Puck is out of play.
1:35 of 3rd period - Alexander Wennberg wins face-off versus Sergey Kalinin in Sasquatch zone.
1:38 of 3rd period - Wrist shot by Garnet Hathaway.
1:38 of 3rd period - Shot Misses the Net.
1:48 of 3rd period - Snap shot by Petr Straka.
1:48 of 3rd period - Shot Misses the Net.
1:50 of 3rd period - Slapshot by Dmitri Orlov.
1:50 of 3rd period - Stopped by Joe Cannata without a rebound.
1:51 of 3rd period - Devin Shore wins face-off versus Aleksander Barkov in Saguenéens zone.
2:01 of 3rd period - Minor Penalty to Devin Shore for High sticking.
2:02 of 3rd period - Sergey Kalinin wins face-off versus Alexander Wennberg in Sasquatch zone.
2:06 of 3rd period - Slapshot by Patrick Wey.
2:06 of 3rd period - Stopped by Joe Cannata without a rebound.
2:07 of 3rd period - Sergey Kalinin wins face-off versus Alexander Wennberg in Saguenéens zone.
4:01 of 3rd period - Penalty to Devin Shore is over, Devin Shore is back on ice.
4:05 of 3rd period - Brett Kulak is hit by Kevin Marshall and loses puck.
4:25 of 3rd period - Slapshot by Craig Cunningham.
4:25 of 3rd period - Shot Misses the Net.
4:41 of 3rd period - Henrik Samuelsson is hit by T.J. Tynan and loses puck.
5:24 of 3rd period - Wrist shot by Craig Cunningham.
5:24 of 3rd period - Stopped by Joonas Korpisalo with a rebound.
5:26 of 3rd period - Snap shot by Craig Cunningham.
5:26 of 3rd period - Stopped by Joonas Korpisalo with a rebound.
6:07 of 3rd period - Minor Penalty to Nick Mattson for Roughing.
6:08 of 3rd period - Henrik Samuelsson wins face-off versus Devin Shore in Saguenéens zone.
6:42 of 3rd period - Craig Cunningham is hit by Petr Straka.
8:07 of 3rd period - Penalty to Nick Mattson is over, Nick Mattson is back on ice.
9:02 of 3rd period - Teemu Hartikainen is hit by Carl Hagelin and loses puck.
10:08 of 3rd period - Patrick Wey is hit by Nick Mattson and loses puck.
10:45 of 3rd period - Brock Trotter is hit by Craig Cunningham and loses puck.
11:05 of 3rd period - Brett Pesce is hit by Patrick Sieloff and loses puck.
11:29 of 3rd period - Ian Cole is hit by Mark Stone and loses puck.
12:25 of 3rd period - Adam Erne is hit by Quinton Howden and loses puck.
12:42 of 3rd period - Martin Marincin is hit by Craig Cunningham and loses puck.
12:46 of 3rd period - Icing by Brett Pesce.
12:47 of 3rd period - Sergey Kalinin wins face-off versus Craig Cunningham in Sasquatch zone.
12:47 of 3rd period - Sergey Kalinin is hit by Robert Hagg.
12:56 of 3rd period - Minor Penalty to Nick Mattson for Tripping.
12:57 of 3rd period - Henrik Samuelsson wins face-off versus Devin Shore in Saguenéens zone.
13:05 of 3rd period - Wrist shot by Devin Shore.
13:05 of 3rd period - Shot Misses the Net.
13:23 of 3rd period - Jujhar Khaira is hit by Robert Hagg and loses puck.
13:28 of 3rd period - Wrist shot by Mike Amadio.
13:28 of 3rd period - Stopped by Joonas Korpisalo without a rebound.
13:29 of 3rd period - Mike Amadio wins face-off versus Ryan Dzingel in Sasquatch zone.
13:32 of 3rd period - Snap shot by Mike Amadio.
13:32 of 3rd period - Stopped by Joonas Korpisalo without a rebound.
13:33 of 3rd period - Devin Shore wins face-off versus Henrik Samuelsson in Sasquatch zone.
13:40 of 3rd period - Wrist shot by Matt Halischuk.
13:40 of 3rd period - Shot Misses the Net.
14:08 of 3rd period - Wrist shot by Mike Amadio.
14:08 of 3rd period - Stopped by Joonas Korpisalo with a rebound.
14:10 of 3rd period - Snap shot by Craig Cunningham.
14:10 of 3rd period - Shot Blocked by Brett Pesce.
14:56 of 3rd period - Penalty to Nick Mattson is over, Nick Mattson is back on ice.
16:28 of 3rd period - Minor Penalty to Craig Cunningham for Hooking.
16:29 of 3rd period - Devin Shore wins face-off versus Henrik Samuelsson in Saguenéens zone.
16:37 of 3rd period - Slapshot by Matt Halischuk.
16:37 of 3rd period - Deflect By Devin Shore.
16:37 of 3rd period - Stopped by Joe Cannata without a rebound.
16:38 of 3rd period - Devin Shore wins face-off versus Mason Raymond in Saguenéens zone.
16:54 of 3rd period - Slapshot by Ryan Dzingel.
16:54 of 3rd period - Goal by Ryan Dzingel - Saguenéens : 2 - Sasquatch : 4.
16:55 of 3rd period - Mike Amadio wins face-off versus Quinton Howden in neutral zone.
17:10 of 3rd period - Mike Amadio is hit by Quinton Howden and loses puck.
17:27 of 3rd period - Slapshot by Devin Shore.
17:27 of 3rd period - Shot Misses the Net.
17:29 of 3rd period - Snap shot by Matt Halischuk.
17:29 of 3rd period - Shot Misses the Net.
18:01 of 3rd period - Robert Hagg is hit by Patrick Wey and loses puck.
18:16 of 3rd period - Slapshot by Mark Stone.
18:16 of 3rd period - Shot Blocked by Ian Cole.
18:18 of 3rd period - Snap shot by Mark Stone.
18:18 of 3rd period - Shot Blocked by Patrick Wey.
18:19 of 3rd period - Minor Penalty to Carl Hagelin for Hooking.
18:20 of 3rd period - Matt Halischuk wins face-off versus Henrik Samuelsson in Saguenéens zone.
18:23 of 3rd period - Wrist shot by Devin Shore.
18:23 of 3rd period - Stopped by Joe Cannata without a rebound.
18:24 of 3rd period - Devin Shore wins face-off versus Henrik Samuelsson in Saguenéens zone.
18:25 of 3rd period - Slapshot by Matt Halischuk.
18:25 of 3rd period - Shot Blocked by Mason Raymond.
19:01 of 3rd period - Snap shot by Petr Straka.
19:01 of 3rd period - Shot Blocked by Kevin Marshall.
Goals for this period are 0 for Saguenéens vs 1 for Sasquatch.
Shots for this period are 5 for Saguenéens vs 5 for Sasquatch.
Back to the Top